 Dungeon Crawl Stone Soup version 0.30-b1-2-g02819fbbbe (webtiles) character file.

Game seed: 13080978387157178834

9 Alarkh the Charlatan (level 2, 22/22 HPs)
             Began as a Demonspawn Artificer on Nov 22, 2023.
             Got out of the dungeon alive.
             The game lasted 00:00:35 (311 turns).

Alarkh the Charlatan (Demonspawn Artificer)          Turns: 311, Time: 00:00:36

Health: 22/22      AC:  3    Str: 12    XL:     2   Next: 6%
Magic:  2/2        EV: 11    Int: 12    God:
Gold:   12         SH:  0    Dex: 19    Spells: 1/1 levels left

rFire   . . .        a - +0 short sword
rCold   . . .        (no shield)
rNeg    . . .        b - +0 leather armour
rPois   .            (no helmet)
rElec   .            (no cloak)
rCorr   .            (no gloves)
SInv    .            (no boots)
Will    .....        (no amulet)
Stlth   ++           g - +6 ring of dexterity
HPRegen 0.23/turn    (no ring)
MPRegen 0.16/turn

%: no passive effects
@: no status effects
A: magic regeneration
a: no special abilities


You escaped.
You visited 1 branch of the dungeon, and saw 1 of its levels.

You collected 12 gold pieces.

Inventory:

Hand Weapons
 a - a +0 short sword (weapon)
 j - a +0 dagger
Armour
 b - a +0 leather armour (worn)
Jewellery
 g - a +6 ring of dexterity (left hand)
Wands
 c - a wand of flame (12) (quivered)
 d - a wand of charming (15)
 e - a wand of iceblast (5)
Scrolls
 f - a scroll of teleportation {unknown}
 h - a scroll of amnesia {unknown}
Potions
 i - a potion of flight {unknown}


   Skills:
 + Level 2.1 Fighting
 - Level 1.7 Armour
 - Level 0.8 Dodging
 - Level 0.8 Stealth
 - Level 3.0 Evocations


You had one spell level left.
You didn't know any spells.
Your spell library was empty.

Dungeon Overview and Level Annotations

Branches:
Dungeon (1/15)

Altars:


Innate Abilities, Weirdness & Mutations

You regenerate magic rapidly.


Message History

The hobgoblin is heavily wounded.
The hobgoblin hits you but does no damage.
You hit the hobgoblin.
The hobgoblin is almost dead.
The hobgoblin hits you.
You hit the hobgoblin.
You kill the hobgoblin!
Your Fighting skill increases to level 2!
Found 7 stones.
Found 6 boomerangs.
You now have 12 gold pieces.
You open the door.
A bat and a ball python come into view.
The ball python hisses angrily.
There are monsters nearby!
There are monsters nearby!
You hit the ball python.
The ball python is severely wounded.
The ball python closely misses you. The ball python barely misses you.
You closely miss the ball python.
The ball python is severely wounded.
The ball python bites you but does no damage.
The ball python grabs you. The ball python constricts you.
The ball python bites you but does no damage.
The ball python constricts you.
You closely miss the ball python.
The ball python is severely wounded.
The ball python bites you. The ball python constricts you.
You hit the ball python.
You kill the ball python!
The bat hits you but does no damage.
You have reached level 2!
Your demonic ancestry asserts itself...
Your magic begins to regenerate rapidly.
You hit the bat.
You kill the bat!
No target in view!
There is a staircase leading out of the dungeon here.
Are you sure you want to leave the Dungeon?
This will make you lose the game!
You have escaped!

##......##
#.....#############
####..##..........# .
#.###.#######..# ...
#.###.#.....#..#
.....##...........#..#
#.>...#######..#..#
##.##.#.....#..#..# #.
#.#..#@....#..# #
#.#..#######..#
#.#...........#
#.#.....#.###.####
..#######........#
..........#.####.#
.######..##.####.# #.
#.............#
#.#......######


There were no monsters in sight!

Vanquished Creatures
  A ball python (D:1)
  2 goblins (D:1)
  2 hobgoblins (D:1)
  2 bats (D:1)
  A kobold (D:1)
8 creatures vanquished.

Notes
Turn   | Place    | Note
-------+----------+-------------------------------------------
     0 | D:1      | Alarkh the Demonspawn Artificer began the quest for the
                  | Orb.
     0 | D:1      | Reached XP level 1. HP: 15/15 MP: 1/1
   253 | D:1      | Gained mutation: You regenerate magic rapidly. [demonic
                  | ancestry]
   253 | D:1      | Reached XP level 2. HP: 17/22 MP: 2/2
   311 | D:$      | Got out of the dungeon alive.

Illustrated notes

Levels and vault maps discovered:
D:1:      ebering_hopf_link, layout_basic, amcnicky_mini_corridor_feature,
          minmay_statues_item

Skill      XL: |  1 |
---------------+----+-----
Fighting       | 2 |  2.1
Armour         | |  1.7
Dodging        | |  0.8
Stealth        | |  0.8
Evocations     | |  3.0

Action                     || total
---------------------------++-------
  Melee: Short sword       ||    34
         Club              ||     6
         Punch             ||     1
  Evoke: Wand              ||     3
 Armour: Leather armour    ||    16
  Dodge: Dodged            ||    24
